 Dungeon Crawl Stone Soup version 0.30-a0-1082-g70414cbcbb (webtiles) character file.

Game seed: 13787770168385768805

662 olmar the Covered (level 7, -5/63 HPs)
             Began as an Armataur Fighter on Apr 16, 2023.
             Slain by a black bear (6 damage)
             ... on level 5 of the Dungeon.
             The game lasted 00:05:06 (3188 turns).

olmar the Covered (Armataur Fighter)                Turns: 3188, Time: 00:05:07

Health: -5/63      AC: -2    Str: 29    XL:     7   Next: 30%
Magic:  7/7        EV:  8    Int:  8    God:
Gold:   157        SH:  0    Dex: 16    Spells: 6/6 levels left

rFire   . . .      SeeInvis .    s - +2 quarterstaff (chaos)
rCold   + . .      Faith    .    (shield currently unavailable)
rNeg    . . .      Spirit   .    w - +1 scale mail {rC+}
rPois   .          Reflect  .    (no helmet)
rElec   .          Roll     +    t - +0 cloak
rCorr   .                        (no gloves)
Will    .....                    (no barding) Stlth
                                 (no amulet)
HPRegen 0.30/turn                e - +6 ring of dexterity
MPRegen 0.10/turn                g - +6 ring of strength

@: brilliant, corroded
A: large, rugged brown scales 3, deformed body, armoured tail, roll, long
tongue, awkward tongue
a: no special abilities


You were on level 5 of the Dungeon.
You visited 1 branch of the dungeon, and saw 5 of its levels.

You collected 157 gold pieces.

Inventory:

Hand Weapons
 a - a +0 flail
 s - a +2 quarterstaff of chaos (weapon)
 A - a +2 flail of holy wrath
Armour
 b - a +0 scale mail
 c - a +0 buckler
 t - a +0 cloak (worn)
 w - a +1 scale mail of cold resistance (worn)
Jewellery
 e - a +6 ring of dexterity (left hand)
 g - a +6 ring of strength (right hand)
 u - an amulet of guardian spirit
 v - a ring of wizardry
Wands
 d - a wand of flame (31)
 x - a wand of paralysis (17)
Scrolls
 h - 2 scrolls of identify {unknown}
 m - a scroll of enchant weapon {unknown}
 n - a scroll of fear {unknown}
 o - a scroll of poison {unknown}
 q - 3 scrolls of immolation {unknown}
 y - a scroll of vulnerability {unknown}
 z - a scroll of teleportation {unknown}
Potions
 f - a potion of brilliance
 i - a potion of attraction {unknown}
 j - a potion of degeneration {unknown}
 k - 3 potions of heal wounds {unknown}
 l - a potion of invisibility {unknown}
 p - 2 potions of ambrosia {unknown}
 r - 2 potions of haste {unknown}


   Skills:
 + Level 4.2 Fighting
 + Level 3.3(4.1) Maces & Flails
 + Level 3.7(4.4) Staves
 + Level 5.7 Armour
 - Level 0.7 Dodging
 - Level 1.0 Stealth
 + Level 4.0 Shields


You had 6 spell levels left.
You didn't know any spells.
Your spell library contained the following spells:

 Spells                   Type           Power      Damage    Failure   Level
 Apportation              Tloc           0%         N/A       65%         1
 Kiss of Death            Conj/Necr      0%         2d5       65%         1
 Magic Dart               Conj           0%         1d3       65%         1
 Necrotise                Necr           0%         1d4       65%         1
 Summon Small Mammal      Summ           0%         N/A       65%         1
 Searing Ray              Conj           0%         2d4       78%         2
 Confusing Touch          Hex            0%         N/A       95%         3
 Dispel Undead            Necr           0%         3d6       100%        4
 Fulminant Prism          Conj/Hex       0%         3d5       100%        4


Dungeon Overview and Level Annotations

Branches:
Dungeon (5/15)
 Temple: D:4-7

Altars:
Kikubaaqudgha
Okawaru
Yredelemnul

Shops:
D:1 :


Innate Abilities, Weirdness & Mutations

You are completely covered in rugged brown scales. (AC +3, +7% HP)
Armour fits poorly on your strangely shaped body.
You have a long armoured tail.
You roll when moving toward enemies. (Rampage)
Your long tongue fully drains potion bottles. (2x potion effects)
Your tongue gives you trouble enunciating. (1.5x scroll delay)


Message History

You thump the jelly!
You feel better.
Your hands burn!
The jelly is heavily wounded.
The jelly closely misses you.
You completely miss the jelly.
The jelly is heavily wounded.
The black bear bites you but does no damage.
The black bear claws you but does no damage.
The black bear claws you. The jelly closely misses you.
You hit the jelly.
Your hands burn!
The jelly is almost dead.
The jelly hits you but does no damage. The black bear closely misses you.
The black bear barely misses you. The black bear claws you.
You hit the jelly but do no damage. The acid corrodes you!
Your hands burn!
The jelly is almost dead.
The black bear bites you! The black bear claws you. x2
The jelly completely misses you.
You are too injured to fight recklessly!
You are too injured to fight recklessly!
Unknown command.
You hit the jelly but do no damage. The acid corrodes you!
Your hands burn!
The jelly is almost dead.
The black bear bites you but does no damage.
The black bear claws you. The black bear closely misses you.
The jelly hits you. The acid corrodes you!
You are splashed with acid!
* * * LOW HITPOINT WARNING * * *
Unknown command.
It was a potion of brilliance.
You feel clever all of a sudden.
You slurp down every last drop of the potion of brilliance!
The black bear bites you.
* * * LOW HITPOINT WARNING * * *
The black bear completely misses you. The black bear claws you.
* * * LOW HITPOINT WARNING * * *
The jelly closely misses you. The jelly hits you.
* * * LOW HITPOINT WARNING * * *
You are splashed with acid!
* * * LOW HITPOINT WARNING * * *
The black bear bites you.
You die...

#
###.#.#####
.......@J.#
.......h#.#
......... ..
..........
..#
...........
.#
#######.....
# .......
........


You could see a black bear and a jelly.

Vanquished Creatures
  Menkaure (D:4)
  A black bear (D:4)
  2 necrophages (D:4)
  A human zombie (D:4)
  A hound (D:4)
  An orc priest (D:3)
  Crazy Yiuf (D:2)
  An orc wizard (D:3)
  An iguana (D:4)
  A hound zombie (D:4)
  3 mummies (D:4)
  3 adders
  4 adder zombies (D:4)
  A worm (D:2)
  6 orcs
  5 ball pythons
  5 bats
  5 endoplasms
  A giant cockroach (D:2)
  5 goblins
  9 hobgoblins
  3 jackals (D:2)
  5 quokkas
  3 frilled lizards
  4 kobolds
  A quokka zombie (D:4)
  6 rats
80 creatures vanquished.

Notes
Turn   | Place    | Note
-------+----------+-------------------------------------------
     0 | D:1      | olmar the Armataur Fighter began the quest for the Orb.
     0 | D:1      | Reached XP level 1. HP: 19/19 MP: 1/1
   123 | D:1      | Reached XP level 2. HP: 26/26 MP: 2/2
   373 | D:1      | Found Vefef's Book Emporium.
   382 | D:1      | Reached skill level 4 in Armour
   887 | D:2      | Reached XP level 3. HP: 32/33 MP: 3/3
  1560 | D:2      | Found a runed translucent door.
  1561 | D:2      | Noticed Crazy Yiuf
  1669 | D:2      | Killed Crazy Yiuf
  1670 | D:2      | Reached XP level 4. HP: 19/40 MP: 4/4
  1872 | D:3      | Reached XP level 5. HP: 48/48 MP: 5/5
  2220 | D:3      | Found an ancient bone altar of Kikubaaqudgha.
  2504 | D:4      | Found an iron altar of Okawaru.
  2539 | D:4      | Noticed a black bear
  2544 | D:4      | Killed a black bear
  2545 | D:4      | Reached skill level 1 in Staves
  2545 | D:4      | Reached skill level 1 in Stealth
  2545 | D:4      | Reached XP level 6. HP: 51/55 MP: 6/6
  2583 | D:4      | Reached skill level 5 in Armour
  2630 | D:4      | Noticed Menkaure
  2645 | D:4      | Killed Menkaure
  2887 | D:4      | Reached XP level 7. HP: 52/63 MP: 7/7
  2939 | D:4      | Found a basalt altar of Yredelemnul.
  3180 | D:5      | Entered Level 5 of the Dungeon
  3188 | D:5      | HP: 1/63 [acid (8)]
  3188 | D:5      | Slain by a black bear

Illustrated notes

Levels and vault maps discovered:
D:1:      eino_arrival_water_cross, layout_basic, serial_shops,
          nicolae_shop_tiny_real_fake_doors
D:2:      layout_loops_corners, minmay_misc_feat_tower, uniq_crazy_yiuf_cottage
D:3:      layout_loops_cross, mainiacjoe_overflow_alcove_1
D:4:      layout_basic, mainiacjoe_overflow_24_doors,
          lemuel_mausoleum_altar_yredelemnul, uniq_menkaure
D:5:      layout_basic, trog_three_pillars_becter, minmay_mini_ossuary

Skill      XL: |  1  2  3  4  5  6 |
---------------+-------------------+-----
Maces & Flails | 2 3 |  3.3
Armour         | 4 5 |  5.7
Fighting       | 3 4 |  4.2
Staves         | 1 3 |  3.7
Stealth        | 1 |  1.0
Shields        | 4 |  4.0
Dodging        | |  0.7

Action                     |  1- 3 |  4- 6 |  7- 9 || total
---------------------------+-------+-------+-------++-------
  Melee: Flail             |   124 |       |       ||   124
         Tailslap          |     9 |     9 |     5 ||    23
         Quarterstaff      |       |    74 |    31 ||   105
    Use: Potion            |     1 |       |     1 ||     2
 Armour: Scale mail        |    71 |    28 |    14 ||   113
  Dodge: Dodged            |    42 |    25 |    11 ||    78
  Block: Buckler           |    34 |       |       ||    34

Table legend: (Time is in decaauts)
 A = Elapsed time spent in this place.
 B = Non-inter-level travel time spent in this place.
 C = Inter-level travel time spent in this place.
 D = Time resting spent in this place.
 E = Time spent auto-exploring this place.
 F = Levels seen in this place.
 G = Mean time per level.
                   A        B        C        D        E       F      G
               +--------+--------+--------+--------+--------+-----+--------+
         Total |   3243 |   3147 |     96 |    133 |   2469 |   5 |  648.6 |
       Dungeon |   3243 |   3147 |     96 |    133 |   2469 |   5 |  648.6 |
               +--------+--------+--------+--------+--------+-----+--------+

Top non-repeatable levels by time:
     D:2: 1114 daAuts
     D:4: 731 daAuts
     D:1: 709 daAuts
     D:3: 680 daAuts
     D:5: 8 daAuts
